 Dungeon Crawl Stone Soup version 0.17.1-1-g73c8601 (webtiles) character file.

159 Implojin the Chopper (level 5, -6/67 HPs)
             Began as a Minotaur Berserker on Apr 9, 2016.
             Was a Believer of Trog.
             Mangled by an ogre
             ... wielding a +0 giant club
              (10 damage)
             ... on level 4 of the Dungeon.
             The game lasted 00:03:23 (457 turns).

Implojin the Chopper (Minotaur Berserker)            Turns: 457, Time: 00:03:23

Health: -6/67      AC:  5    Str: 24    XL:     5   Next: 17%
Magic:  4/4        EV: 11    Int:  4    God:    Trog [**....]
Gold:   16         SH:  0    Dex: 10    Spells: 0 memorised, 4 levels left

rFire  . . .     SeeInvis .     a - +1 hand axe
rCold  . . .     Clarity  .     g - +0 ring mail
rNeg   . . .     SustAt   .     (no shield)
rPois  .         Gourm    .     (helmet restricted)
rElec  .         Spirit   .     (no cloak)
rCorr  .         Warding  .     (no gloves)
rMut   .         Stasis   .     (no boots)
MR     .....                    (no amulet)
Stlth  ..........               (no ring)
                                d - -3 ring of strength (curse)

@: berserking, very quick, not resistant to hostile enchantments, extremely
unstealthy
A: retaliatory headbutt, horns 2
a: Berserk, Trog's Hand, Burn Spellbooks, Renounce Religion


You were on level 4 of the Dungeon.
You worshipped Trog.
Trog was pleased with you.
You were not hungry.

You visited 1 branch of the dungeon, and saw 4 of its levels.
You also visited: Sewer.

You collected 16 gold pieces.

Inventory:

Hand Weapons
 a - a +1 hand axe (weapon)
Armour
 b - a +0 animal skin
 f - a +0 chain mail
 g - a +0 ring mail (worn)
Jewellery
 d - a cursed -3 ring of strength (left hand)
Scrolls
 l - a scroll of teleportation
Potions
 e - a potion of curing
 h - a potion of mutation {unknown}
 m - a potion of magic {unknown}
 n - a potion of heal wounds {unknown}
 p - a potion of might {unknown}
Comestibles
 c - a bread ration


   Skills:
 - Level 3.6 Fighting
 * Level 7.1 Axes
 - Level 2.4 Armour
 - Level 2.1 Dodging


You had 4 spell levels left.
You didn't know any spells.

Dungeon Overview and Level Annotations

Branches:
Dungeon (4/15)
 Temple: D:4-7

Altars:


Innate Abilities, Weirdness & Mutations

You reflexively headbutt those who attack you in melee.
You have a pair of horns on your head.


Message History

All of the chunks of flesh in your inventory have rotted away.
Things that are here:
a leather armour; a dagger of flaming It's stuck to you!
There is a stone staircase leading down here.
You climb downwards.
The adder skeleton bites you. The adder skeleton bites you.
There is a stone staircase leading up here.
You hit the adder skeleton. The adder skeleton closely misses you.
You hit the adder skeleton.
The adder skeleton bites you but does no damage.
You hit the adder skeleton. The adder skeleton bites you.
You slash the adder skeleton!
You destroy the adder skeleton!
Search for what [? for help]? axe Can't find anything matching that.
Found a silvery potion.
h - a silvery potion An ogre comes into view.
It is wielding a giant club.
The ogre shouts!
Found a stone staircase leading up.
Found a runed wooden wand.
Found a stone staircase leading down.
You hit the ogre.
The ogre is lightly wounded.
The ogre hits you with a giant club!
* * * LOW HITPOINT WARNING * * *
You hit the ogre.
The ogre is moderately wounded.
The ogre barely misses you.
You barely miss the ogre.
The ogre is moderately wounded.
You hit the ogre. You headbutt the ogre.
The ogre is heavily wounded.
The ogre hits you with a giant club!!
Ouch! That really hurt!
* * * LOW HITPOINT WARNING * * *
A red film seems to cover your vision as you go berserk!
You feel yourself moving faster!
You feel mighty!
You feel somewhat more hungry. The ogre hits you with a giant club!
You die...

### #######..
#######.......#
#..........##.#
#.#####.##.##.#
#........# #..##.##.#
##### #..##.##<#
.....# #.@......#
##...##O###.##.......
##.....#.#
#.##.######
##........# #....#
#.........# ######
............./..
....<.....######
.#........#
........#.#


You could see an ogre.

Vanquished Creatures
  Purgy (Sewer)
  An orc priest (D:3)
  An adder skeleton (D:4)
  3 giant geckos (D:3)
  3 orcs (D:3)
  2 ball pythons (Sewer)
  6 giant cockroaches
  2 hobgoblins
  2 jackals (D:3)
  5 giant newts (Sewer)
  A goblin (D:1)
  3 rats
30 creatures vanquished.

Notes
Turn   | Place    | Note
--------------------------------------------------------------
     0 | D:1      | Implojin the Minotaur Berserker began the quest for the Orb.
     0 | D:1      | Reached XP level 1. HP: 19/19 MP: 0/0
   107 | D:2      | Reached skill level 4 in Axes
   167 | D:3      | Reached XP level 2. HP: 16/26 MP: 1/1
   198 | D:3      | Noticed an orc priest
   204 | D:3      | Killed an orc priest
   204 | D:3      | Reached skill level 5 in Axes
   204 | D:3      | Reached XP level 3. HP: 31/31 MP: 2/2
   249 | D:3      | Found a glowing drain.
   277 | Sewer    | Entered a sewer
   288 | Sewer    | Reached ** piety under Trog
   350 | Sewer    | Noticed Purgy
   360 | Sewer    | Killed Purgy
   360 | Sewer    | Reached skill level 7 in Axes
   360 | Sewer    | Reached XP level 4. HP: 30/39 MP: 3/3
   360 | Sewer    | Reached XP level 5. HP: 34/45 MP: 4/4
   445 | D:4      | Noticed an ogre
   452 | D:4      | HP: 2/45 [ogre/giant club (24)]
   457 | D:4      | Mangled by an ogre

Action                   |  1- 3 |  4- 6 || total
-------------------------+-------+-------++-------
Melee: Hand axe          |    69 |     8 ||    77
Invok: Berserk           |     2 |     1 ||     3
  Use: Scroll            |     1 |     5 ||     6
  Eat: Chunk             |       |     1 ||     1

Table legend:
 A = Turns spent in this place as a percentage of turns spent in the entire game.
 B = Non-inter-level travel turns spent in this place as a percentage of non-inter-level travel turns spent in the entire game.
 C = Inter-level travel turns spent in this place as a percentage of turns spent in this place.
 D = Turns resting spent in this place as a percentage of non-inter-level travel turns spent in this place.
 E = Turns spent auto-exploring this place as a percentage of non-inter-level travel turns spent in this place.
 F = Non-inter-level travel turns spent in this place divided by the number of levels of this place that you've seen.
                   A       B       C       D       E      F
               +-------+-------+-------+-------+-------+----------------------
         Total | 100.0 | 100.0 |   0.0 |   0.0 |   0.0 |  91.8
       Dungeon |  77.1 |  77.1 |   0.0 |   0.0 |   0.0 |  88.5
         Sewer |  22.9 |  22.9 |   0.0 |   0.0 |   0.0 | 105.0
               +-------+-------+-------+-------+-------+----------------------

Table legend:
 A = Kills in this place as a percentage of kills in entire the game.
 B = Kills by you in this place as a percentage of kills by you in the entire game.
 C = Kills by friends in this place as a percentage of kills by friends in the entire game.
 D = Other kills in this place as a percentage of other kills in the entire game.
 E = Experience gained in this place as a percentage of experience gained in the entire game.
 F = Experience gained in this place divided by the number of levels of this place that you have seen.
                   A       B       C       D       E      F
               +-------+-------+-------+-------+-------+----------------------
         Total | 100.0 | 100.0 |  -nan |  -nan | 100.0 |  45.6
       Dungeon |  73.3 |  73.3 |  -nan |  -nan |  37.3 |  21.2
         Sewer |  26.7 |  26.7 |  -nan |  -nan |  62.7 | 143.0
               +-------+-------+-------+-------+-------+----------------------
